 Dungeon Crawl Stone Soup version 0.28-a0-1114-g8eb0198dcf (webtiles) character file.

Game seed: 2460970677360916770

147280 BinkBink the Eclecticist (level 17, -2/125 HPs)
             Began as a Barachi Summoner on Dec 11, 2021.
             Was the Champion of Hepliaklqana.
             Slain by a bunyip (18 damage)
             ... on level 3 of the Swamp on Dec 12, 2021.
             The game lasted 02:38:11 (40564 turns).

BinkBink the Eclecticist (Barachi Summoner)        Turns: 40564, Time: 02:38:12

Health: -2/125     AC: 20    Str: 10 (12) XL:     17   Next: 46%
Magic:  19/37      EV: 18    Int: 26 (29) God:    Hepliaklqana [******]
Gold:   1915       SH:  9    Dex: 18      Spells: 32/49 levels left

rFire   . . .      SeeInvis +   I - +4 scimitar (flame)
rCold   . . .      Faith    .   T - +2 buckler {rN+}
rNeg    + . .      Spirit   .   R - +0 troll leather armour
rPois   .          Reflect  .   F - +2 hat
rElec   +          Harm     .   e - +0 cloak of the Doldrums {Int+4}
rCorr   .          Rampage  .   M - +1 pair of gloves {hurl}
Will    +....                   y - +2 pair of boots {Stlth+}
Stlth   +++.......              U - amulet of Metyiregg {+Blink rElec Regen+ Int+3 Dex+4}
HPRegen 1.90/turn               j - ring of see invisible
MPRegen 0.25/turn               k - +4 ring of protection

@: studying Unarmed Combat, slow
A: reduced essence, amphibious, slowness 1, strong legs 2, +LOS, iridescent
scales 1, clever 1, deterioration 1
a: Hop, Renounce Religion, Evoke Blink, Recall Ancestor, Ancestor Identity,
Transference, Idealise


You were on level 3 of the Swamp.
You worshipped Hepliaklqana.
Hepliaklqana was exalted by your worship.
You visited 5 branches of the dungeon, and saw 28 of its levels.
You also visited: Ossuary.

You collected 2927 gold pieces.
You spent 1012 gold pieces at shops.

Inventory:

Hand Weapons
 i - the +7 rapier of the Piercing Boar {distort, rPois rCorr}
   (You found it on level 2 of the Lair of Beasts)

   It warps and distorts space around it, and may blink, banish, or inflict
   extra damage upon those it strikes.
   Unwielding it can cause banishment or high damage.
   rPois:     It protects you from poison.
   rCorr:     It protects you from acid and corrosion.
 I - a +4 scimitar of flaming (weapon)
Missiles
 q - 2 throwing nets
Armour
 e - the +0 cloak of the Doldrums (worn) {Int+4}
   (You found it on level 2 of the Lair of Beasts)

   Int:       It affects your intelligence (+4).
 y - a +2 pair of boots of stealth (worn)
 D - a +2 robe of fire resistance
 E - +0 steam dragon scales
 F - a +2 hat (worn)
 J - +0 swamp dragon scales
 M - a +1 pair of gloves of hurling (worn)
 O - +0 fire dragon scales
 R - a +0 troll leather armour (worn)
 T - a +2 buckler of positive energy (worn)
Jewellery
 a - a ring of flight
 j - a ring of see invisible (left hand)
 k - a +4 ring of protection (right hand)
 w - a ring of willpower
 G - a +6 ring of dexterity
 H - a ring of magical power
 L - a +6 ring of strength
 U - the amulet of Metyiregg (around neck) {+Blink rElec Regen+ Int+3 Dex+4}
   (You bought it in a shop on level 1 of the Dungeon)

   [amulet of regeneration]

   Int:       It affects your intelligence (+3).
   Dex:       It affects your dexterity (+4).
   rElec:     It insulates you from electricity.
   +Blink:    It lets you blink.
   Regen:     It increases your rate of health regeneration.
 Y - an amulet of faith
Wands
 h - a wand of mindburst (7)
 m - a wand of digging (4)
 p - a wand of iceblast (19)
 s - a wand of paralysis (43)
 B - a wand of flame (26)
 P - a wand of charming (8)
 Q - a wand of polymorph (11)
 W - a wand of acid (6)
Scrolls
 b - 4 scrolls of teleportation
 d - 2 scrolls of enchant armour
 f - a scroll of silence
 l - 2 scrolls of enchant weapon
 n - 5 scrolls of fog
 t - 4 scrolls of magic mapping
 u - a scroll of blinking
 v - 3 scrolls of identify
 S - 3 scrolls of amnesia
 Z - 2 scrolls of fear
Potions
 c - 5 potions of brilliance
 g - 6 potions of heal wounds
 o - 2 potions of ambrosia
 r - a potion of lignification
 x - 6 potions of curing
 z - 2 potions of might
 A - 3 potions of resistance
 C - a potion of magic
 K - 4 potions of mutation
 V - a potion of invisibility
 X - 2 potions of haste


   Skills:
 * Level 14.0 Fighting
 - Level 0.4(8.8) Short Blades
 * Level 14.9 Long Blades
 - Level 7.3 Armour
 * Level 10.3 Dodging
 - Level 1.7 Stealth
 - Level 8.6 Shields
 - Level 16.5 Spellcasting
 - Level 5.4 Hexes
 - Level 16.4 Summonings
 - Level 5.1 Air Magic
 + Level 4.9 Earth Magic
 + Level 0.7 Evocations


You had 32 spell levels left.
You knew the following spells:

 Your Spells              Type           Power      Damage    Failure   Level
a - Summon Small Mammal   Summ           100%       N/A       0%          1
b - Call Imp              Summ           82%        N/A       0%          2
c - Call Canine Familiar  Summ           82%        N/A       0%          3
d - Summon Guardian Gole  Hex/Summ       67%        N/A       1%          3
e - Summon Lightning Spi  Summ/Air       67%        N/A       1%          4
f - Animate Armour        Summ/Erth      100%       N/A       1%          4

Your spell library contained the following spells:

 Spells                   Type           Power      Damage    Failure   Level
 Ensorcelled Hibernation  Hex/Ice        70%        N/A       1%          2
 Summon Forest            Summ/Tloc      29%        N/A       2%          5
 Animate Skeleton         Necr           42%        N/A       3%          1
 Apportation              Tloc           42%        N/A       3%          1
 Foxfire                  Conj/Fire      84%        2x1d8     3%          1
 Freeze                   Ice            84%        1d10      3%          1
 Pain                     Necr           84%        1d8       3%          1
 Inner Flame              Hex/Fire       35%        N/A       3%          3
 Portal Projectile        Hex/Tloc       70%        N/A       3%          3
 Stone Arrow              Conj/Erth      68%        3d11      3%          3
 Leda's Liquefaction      Hex/Erth       24%        N/A       3%          4
 Summon Hydra             Summ           41%        N/A       3%          7
 Blink                    Tloc           42%        N/A       4%          2
 Conjure Flame            Conj/Fire      21%        6-21      9%          3
 Frozen Ramparts          Ice            42%        1d6       9%          3
 Gell's Gravitas          Tloc           21%        N/A       9%          3
 Ignite Poison            Fire/Tmut/Pois 21%        N/A       9%          3
 Lesser Beckoning         Tloc           21%        N/A       9%          3
 Spider Form              Tmut/Pois      21%        N/A       9%          3
 Teleport Other           Tloc           21%        N/A       9%          3
 Petrify                  Tmut/Erth      34%        N/A       11%         4
 Metabolic Englaciation   Hex/Ice        17%        N/A       26%         5
 Animate Dead             Necr           10%        N/A       30%         4
 Dispel Undead            Necr           21%        3d11      30%         4
 Flame Wave               Conj/Fire      21%        2d6       30%         4
 Hailstorm                Conj/Ice       21%        3d6       30%         4
 Sticky Flame             Conj/Fire      21%        2d4       30%         4
 Borgnjor's Vile Clutch   Necr/Erth      17%        N/A       30%         5
 Freezing Cloud           Conj/Ice/Air   15%        6-21      38%         5
 Alistair's Intoxication  Tmut/Pois      14%        N/A       63%         5
 Blade Hands              Tmut           10%        N/A       63%         5
 Excruciating Wounds      Necr           10%        N/A       63%         5
 Manifold Assault         Tloc           21%        N/A       63%         5
 Iron Shot                Conj/Erth      17%        9d4       86%         6
 Statue Form              Tmut/Erth      22%        N/A       86%         6
 Death Channel            Necr           10%        N/A       99%         6
 Eringya's Noxious Bog    Tmut/Pois      10%        N/A       99%         6
 Simulacrum               Ice/Necr       10%        N/A       99%         6
 Storm Form               Tmut/Air       17%        N/A       100%        7
 Lehudib's Crystal Spear  Conj/Erth      17%        10d5      100%        8
 Maxwell's Capacitive Co  Air            24%        ∞         100%        8
 Polar Vortex             Ice            10%        N/A       100%        9


Dungeon Overview and Level Annotations

Branches:
Dungeon (15/15)            Temple (0/1) D:5            Lair (6/6) D:11
  Swamp (3/4) Lair:4       Spider (2/4) Lair:4        Slime (0/5) Lair:6
    Orc (2/2) D:11            Elf (0/3) Orc:2        Vaults (0/5) D:14
 Depths (0/4) D:15        Ossuary (visited)

Altars:
Cheibriados
Dithmenos
Elyvilon
Fedhas
Hepliaklqana
Ru
Wu Jian
Beogh

Shops:
D:1 =(==   D:9 :(   D:13 **[=*   Orc:2 *(([

Annotations:
Swamp:2 2 runed translucent doors, Votedd's ghost, adept DrIE
Spider:2 Roxanne


Innate Abilities, Weirdness & Mutations

Your life essence is reduced to manifest your ancestor. (-10% HP)
You are amphibious.
You cover ground slowly.
You can hop long distances.
You have an extended range of vision and can be seen from far away.
You are partially covered in iridescent scales. (AC +2)
Your mind is acute. (Int +2)
Your body sometimes deteriorates upon taking damage.


Message History

The spriggan druid is engulfed in a cloud of scalding steam.
With its final breath, the spriggan druid offers up its power to the beasts of the wild!
The tyrant leech seems to grow more fierce.
The spriggan druid dies!
You hear a splash. x2
Your crimson imp blinks!
Ealdgyð casts a spell at the spriggan.
The stone arrow misses the spriggan.
You are engulfed in blazing flames.
Your warg barely misses the spriggan.
The spriggan splashes around in the water.
A spriggan berserker comes into view. It is wielding a +0 broad axe.
The spriggan hits Ealdgyð with a +0 short sword.
The tyrant leech barely misses your warg.
A bunyip comes into view.
Your warg closely misses the spriggan.
Your quokka bites the spriggan.
Your crimson imp blinks!
Ealdgyð hits the spriggan with a +0 quarterstaff!!
The spriggan dies!
You are engulfed in blazing flames.
The bunyip howls a warning cry!
The spriggan hits your guardian golem with a +0 spear!
Your warg closely misses the spriggan.
Your quokka misses the spriggan.
The tyrant leech barely misses your warg.
Your animated troll leather armour is engulfed in blazing flames.
You hear a roar!
You hear a shout! x3
You are engulfed in blazing flames.
* * * LOW HITPOINT WARNING * * *
The spriggan splashes around in the water.
Your warg barely misses the spriggan.
Your quokka closely misses the spriggan.
The tyrant leech closely misses your warg.
You feel much better.
You are engulfed in blazing flames.
Your warg bites the spriggan.
The bunyip is engulfed in blazing flames.
The bunyip claws you!
* * * LOW HITPOINT WARNING * * *
The bunyip claws you!!
* * * LOW HITPOINT WARNING * * *
The bunyip claws you!!
You die...

♣≈≈♣♣
♣♣....♣♣♣.
♣♣♣♣.......≈≈
♣..≈≈.≈≈≈≈..≈
≈.♣.≈≈≈§§.♣
♣...≈≈≈≈≈≈♣
♣>.≈§rR≈≈≈♣.
♣.§[5≈iw≈≈..
♣8§@x9h≈≈≈..
♣♣♣♣♣))≈≈i<.
≈.≈♣≈≈ .♣♣ ♣


You could see the friendly Ealdgyð the battlemage (sheltered), a bunyip
(strong), a tyrant leech (strong), a spriggan berserker, a spriggan (ally
target), a friendly guardian golem (summoned), a friendly animated troll leather
armour (summoned, sheltered), a friendly warg (summoned, sheltered), a friendly
lightning spire (summoned, sheltered), a friendly crimson imp (summoned,
sheltered) and a friendly quokka (summoned, sheltered).

Vanquished Creatures
  A ghost moth (Spider:1)
  A bunyip (Swamp:2)
  Azrael (Spider:1)
  An ogre mage (D:14)
  A death yak (Lair:6)
  An orc high priest (Orc:2)
  2 ugly things (D:15)
  2 wolf spiders (Spider:1)
  A manticore (D:14)
  3 elephants (Lair:6)
  A black mamba (Lair:6)
  A torpor snail (Lair:6)
  4 cane toads
  An unseen horror (D:13)
  A komodo dragon (Lair:6)
  A meliai (Spider:1)
  A hornet (Swamp:2)
  2 slime creatures (D:15)
  6 blink frogs
  3 redbacks (Spider:1)
  A tarantella (Spider:1)
  9 yaks
  2 fire elementals (Spider:1)
  A swamp worm (Lair:4)
  A warg (Orc:1)
  A hell hound (Spider:1)
  An orc warrior (Orc:2)
  2 ogres
  A centaur (D:5)
  10 wolves
  A scorpion (D:4)
  3 killer bees (Spider:1)
  A howler monkey (D:4)
  2 orc wizards (Orc:2)
  3 hell rats (Lair:3)
  An adder (D:4)
  A gnoll (D:4)
  4 orcs
  A hobgoblin zombie (Ossuary)
  A kobold (D:4)
82 creatures vanquished.

Vanquished Creatures (collateral kills)
  3 emperor scorpions (Spider:1)
  A stone giant (D:15)
  Nessos (D:15)
  The ghost of crabbyslav the Fighter, a journeyman OgCA of Ignis (Lair:2)
  An eleionoma (Swamp:2)
  3 bunyips
  A shambling mangrove (Swamp:2)
  A fire dragon (D:15)
  3 hydras
  Erolcha (D:9)
  4 catoblepae (Lair:6)
  3 boulder beetles
  2 ogre magi
  4 centaur warriors
  Erica (D:8)
  9 two-headed ogres
  An alligator (Swamp:2)
  5 death yaks
  3 tengu warriors
  6 orc high priests
  Sonja (D:13)
  A skeletal warrior (D:14)
  A shadow wraith (D:14)
  4 goliath frogs
  4 bog bodies
  A wizard (D:15)
  An obsidian statue (D:11)
  Pikel (D:7)
  A lindwurm (Lair:3)
  3 swamp dragons
  3 deep elf pyromancers
  10 wolf spiders
  6 orb spiders (Spider:1)
  An oklob plant (Lair:5)
  3 manticores
  An orc sorcerer (Orc:2)
  A will-o-the-wisp (Swamp:2)
  3 cyclopes (D:14)
  8 elephants
  4 ugly things
  2 black mambas
  A black mamba (shapeshifter) (D:13)
  6 cane toads
  2 ice statues (D:15)
  An unseen horror (shapeshifter) (D:15)
  A kobold demonologist (D:11)
  Maggie (D:7)
  An efreet (D:13)
  A rime drake (Lair:4)
  A demonic crawler (Spider:1)
  8 komodo dragons
  2 tengu conjurers
  A meliai (Spider:1)
  6 jumping spiders (Spider:1)
  A jumping spider (shapeshifter) (D:12)
  A polar bear (shapeshifter) (D:14)
  Grinder (D:3)
  2 tyrant leeches (Swamp:1)
  4 trolls
  4 polar bears
  A queen bee (Spider:1)
  12 hornets
  9 blink frogs
  5 slime creatures
  4 dream sheep (Lair:4)
  4 spriggans
  16 redbacks (Spider:1)
  4 shadows
  A vampire (D:12)
  5 tarantellas (Spider:1)
  9 humans (D:14)
  28 yaks
  7 wraiths
  5 basilisks
  3 fire elementals (Spider:1)
  5 wyverns
  4 vampire mosquitoes (D:12)
  Menkaure (D:4)
  7 swamp worms
  7 wargs
  An acid dragon (D:12)
  18 water moccasins
  4 sky beasts
  An ice beast (D:7)
  10 orc warriors
  2 necrophages
  5 boggarts (D:14)
  25 wolves
  7 ogres
  5 centaurs
  A lemure (D:7)
  3 phantoms
  3 kobold brigands
  10 bullfrogs
  15 scorpions
  7 killer bees (Spider:1)
  A vampire bat (D:4)
  3 wights (D:8)
  3 electric eels
  6 howler monkeys
  A bullfrog zombie (D:5)
  2 centaur zombies
  6 hounds
  4 human zombies (Ossuary)
  A bullfrog skeleton (D:6)
  3 jellies
  33 orc priests
  6 scorpion zombies (Ossuary)
  5 iguanas (D:5)
  18 orc wizards
  3 hell rats (Lair:3)
  A hound zombie (D:5)
  A hound skeleton (D:5)
  3 mummies (Ossuary)
  2 gnolls (D:4)
  A howler monkey skeleton (D:5)
  9 adders
  A shadow imp (D:6)
  2 ufetubi (D:6)
  A worm (D:3)
  A dart slug (D:3)
  85 orcs
  3 endoplasms
  5 giant cockroaches
  8 hobgoblins
  8 jackals
  2 quokkas
  4 ball pythons
  10 bats
  3 frilled lizards
  3 gnoll zombies (Ossuary)
  A goblin (D:1)
  3 goblin zombies (Ossuary)
  4 hobgoblin zombies (Ossuary)
  17 kobolds
  A kobold zombie (Ossuary)
  An orc zombie (Ossuary)
  A quokka skeleton (D:4)
  7 rats
696 creatures vanquished.

Vanquished Creatures (others)
  A fenstrider witch (Swamp:2)
  The ghost of Vetuhose the Warrior, a journeyman MiFi of Okawaru (Lair:6)
  A bunyip (Swamp:1)
  Josephine (Lair:4)
  3 vault guards (D:14)
  6 hydras
  A death knight (D:14)
  An alligator (Swamp:2)
  2 two-headed ogres (D:15)
  2 tengu warriors
  6 death yaks
  A bog body (Lair:4)
  2 spriggan druids
  3 wolf spiders (Spider:1)
  2 ugly things
  A manticore (Lair:6)
  Maurice (D:8)
  4 elephants
  3 cane toads
  A gargoyle (D:12)
  A rime drake (Lair:6)
  A freezing wraith (D:14)
  A polar bear (Lair:4)
  A jumping spider (Spider:1)
  3 bloated husks
  A meliai (Spider:1)
  2 trolls
  2 blink frogs (Lair:6)
  2 hornets
  5 slime creatures
  A redback (Spider:1)
  A spriggan (Swamp:3)
  4 tarantellas (Spider:1)
  18 yaks
  3 wyverns
  3 vampire mosquitoes (Swamp:3)
  A basilisk (Lair:6)
  A warg (Orc:2)
  2 acid dragons
  3 water moccasins
  An orc warrior (D:10)
  15 wolves
  A bullfrog (Lair:4)
  2 scorpions
  A killer bee (Spider:1)
  A wight (D:8)
  2 electric eels (Lair:2)
  An orc priest (D:10)
  A hell rat (Lair:3)
  29 battlemagi
  5 orcs
  4 foxfires (Swamp:2)
  34 fungi
  133 plants
329 creatures vanquished.

Grand Total: 1107 creatures vanquished

Notes
Turn   | Place    | Note
-------+----------+-------------------------------------------
     0 | D:1      | BinkBink the Barachi Summoner began the quest for the Orb.
     0 | D:1      | Reached XP level 1. HP: 13/13 MP: 3/3
    81 | D:1      | Found Gudgh's Jewellery Boutique.
   177 | D:1      | Reached skill level 5 in Summonings
   233 | D:1      | Found Guggutyist's Weapon Shoppe.
   236 | D:1      | Found Louzergh's Jewellery Shop.
   299 | D:1      | Reached XP level 2. HP: 19/19 MP: 3/5
   507 | D:1      | Found Gacigg's Jewellery Shoppe.
  1370 | D:2      | Learned a level 2 spell: Call Imp
  1980 | D:2      | Reached XP level 3. HP: 24/24 MP: 1/7
  2773 | D:2      | Learned a level 3 spell: Call Canine Familiar
  2801 | D:1      | HP: 1/24 [poisoned by a kobold]
  3324 | D:3      | Found a faded altar of an unknown god.
  3353 | D:3      | Prayed at the altar of an unknown god.
  3353 | D:3      | Became a worshipper of Hepliaklqana the Forgotten
  3353 | D:3      | Reached * piety under Hepliaklqana
  3467 | D:3      | Found a blossoming altar of Fedhas.
  3674 | D:3      | Reached XP level 4. HP: 27/27 MP: 7/9
  3796 | D:3      | Noticed Grinder
  4195 | D:3      | Paralysed by Grinder for 2 turns
  4225 | D:3      | Killed Grinder
  4226 | D:3      | Reached XP level 5. HP: 15/31 MP: 1/12
  4226 | D:3      | Reached XP level 6. HP: 18/36 MP: 1/13
  4862 | D:4      | Reached skill level 5 in Spellcasting
  5293 | D:4      | Reached XP level 7. HP: 36/41 MP: 9/15
  5440 | D:4      | Reached ** piety under Hepliaklqana
  5441 | D:4      | Remembered your ancestor Ealdgyð as a battlemage
  5808 | D:4      | Noticed Menkaure
  5814 | D:4      | Killed Menkaure
  6328 | D:5      | Entered Level 5 of the Dungeon
  6340 | D:5      | Reached XP level 8. HP: 47/47 MP: 10/17
  7331 | D:5      | Reached *** piety under Hepliaklqana
  7433 | D:5      | Reached skill level 10 in Summonings
  7596 | D:5      | Reached XP level 9. HP: 7/52 MP: 3/21
  7989 | D:5      | Found a staircase to the Ecumenical Temple.
  8146 | D:5      | Found a snail-covered altar of Cheibriados.
  8960 | D:6      | Reached **** piety under Hepliaklqana
  9738 | D:7      | Noticed Pikel
  9769 | D:7      | Killed Pikel
  9770 | D:7      | Reached skill level 1 in Fighting
 10069 | D:7      | Noticed Maggie
 10091 | D:7      | Killed Maggie
 10092 | D:7      | Reached skill level 10 in Spellcasting
 10092 | D:7      | Reached XP level 10. HP: 33/58 MP: 17/24
 10100 | D:7      | Learned a level 3 spell: Summon Guardian Golem
 10967 | D:8      | Noticed Maurice
 10974 | D:8      | Noticed Erica
 10980 | D:8      | Killed Maurice
 10988 | D:8      | Killed Erica
 10989 | D:8      | Reached skill level 1 in Hexes
 11357 | D:8      | Reached skill level 1 in Long Blades
 11360 | D:8      | Found a sand-covered staircase.
 11370 | Ossuary  | Entered an ossuary
 11799 | Ossuary  | Reached ***** piety under Hepliaklqana
 12435 | D:9      | Reached XP level 11. HP: 67/67 MP: 17/26
 12728 | D:9      | Found Fygink's Weapon Shoppe.
 12729 | D:9      | Found an ornate altar of the Wu Jian Council.
 12903 | D:9      | Found a hazy altar of Hepliaklqana.
 13076 | D:9      | Found Bekhlecer's Book Boutique.
 13083 | D:9      | Noticed Erolcha
 13095 | D:9      | Killed Erolcha
 13314 | D:10     | Entered Level 10 of the Dungeon
 14103 | D:10     | Found a sacrificial altar of Ru.
 14287 | D:10     | Found a white marble altar of Elyvilon.
 14299 | D:10     | Learned a level 4 spell: Summon Lightning Spire
 14367 | D:11     | Reached skill level 5 in Fighting
 14802 | D:11     | Found a staircase to the Lair.
 14838 | D:11     | Reached skill level 5 in Long Blades
 14845 | D:11     | Noticed a seven-headed hydra
 14853 | D:11     | Killed a seven-headed hydra
 14934 | D:11     | Reached XP level 12. HP: 65/79 MP: 19/28
 15266 | D:11     | Found a staircase to the Orcish Mines.
 16338 | D:1      | Bought the amulet of Metyiregg {+Blink rElec Regen+ Int+3
                  | Dex+4} for 722 gold pieces
 16491 | Lair:1   | Entered Level 1 of the Lair of Beasts
 16499 | Lair:1   | Reached skill level 1 in Air Magic
 16565 | Orc:1    | Entered Level 1 of the Orcish Mines
 16718 | Orc:2    | Entered Level 2 of the Orcish Mines
 16796 | Orc:2    | Noticed an orc high priest
 16801 | Orc:1    | Reached skill level 15 in Summonings
 17208 | Lair:1   | Noticed a seven-headed hydra
 17217 | Lair:1   | Killed a seven-headed hydra
 17492 | Lair:1   | Reached ****** piety under Hepliaklqana
 17506 | Lair:1   | Noticed a seven-headed hydra
 17517 | Lair:1   | Killed a seven-headed hydra
 17707 | Lair:2   | Noticed an eight-headed hydra
 17768 | D:11     | Gained mutation: You are partially covered in iridescent
                  | scales. (AC +2) [potion of mutation]
 17768 | D:11     | Gained mutation: Your body sometimes deteriorates upon
                  | taking damage. [potion of mutation]
 17768 | D:11     | Gained mutation: Your mind is acute. (Int +2) [potion of
                  | mutation]
 18188 | D:12     | Gained mutation: You can hop long distances. [Barachi
                  | growth]
 18188 | D:12     | Reached XP level 13. HP: 88/88 MP: 21/30
 19229 | D:13     | Found Ushab's Antique Armour Boutique.
 19266 | D:13     | Found Mibre's Jewellery Emporium.
 19267 | D:13     | Found Urphaphir's General Store.
 19362 | D:13     | Found Averph's General Store.
 19581 | D:13     | Found Uluhed's Assorted Antiques.
 19595 | D:13     | Bought a scroll labelled RIPLIKL WEGIUJ for 28 gold pieces
 19617 | D:13     | Noticed Sonja
 19624 | D:13     | Killed Sonja
 20899 | D:14     | Found a shadowy altar of Dithmenos.
 21115 | D:14     | Noticed a vault guard
 21115 | D:14     | Noticed a vault guard
 21132 | D:14     | Reached skill level 5 in Hexes
 21132 | D:14     | Killed a vault guard
 21139 | D:14     | Killed a vault guard
 21141 | D:14     | Reached skill level 15 in Spellcasting
 21141 | D:14     | Noticed a vault guard
 21154 | D:14     | Killed a vault guard
 21205 | D:14     | Found a gate to the Vaults.
 21357 | D:14     | Reached XP level 14. HP: 85/97 MP: 22/33
 22283 | D:14     | Identified a scroll of acquirement
 22284 | D:14     | Acquired a +1 pair of boots of stealth
 22312 | D:15     | Entered Level 15 of the Dungeon
 22323 | D:15     | Reached skill level 10 in Fighting
 22363 | D:15     | Reached skill level 1 in Shields
 22559 | D:15     | Noticed Nessos
 22811 | Lair:1   | Reached skill level 10 in Long Blades
 23555 | Lair:2   | Found a runed translucent gate.
 23556 | Lair:2   | Found a runed translucent gate.
 23557 | Lair:2   | Noticed crabbyslav's ghost (journeyman OgCA)
 23613 | Lair:2   | Found a runed translucent gate.
 24045 | Lair:2   | Killed crabbyslav's ghost
 24069 | Lair:2   | Identified the +0 cloak of the Doldrums {Int+4}
 24071 | Lair:2   | Identified the +7 rapier of the Piercing Boar {distort,
                  | rPois rCorr}
 24268 | Lair:3   | Reached skill level 5 in Air Magic
 25845 | Lair:4   | Reached skill level 1 in Armour
 25845 | Lair:4   | Reached XP level 15. HP: 105/105 MP: 18/35
 26392 | Lair:4   | Found a hole to the Spider Nest.
 26504 | Lair:4   | Noticed Josephine
 26522 | Lair:4   | Killed Josephine
 26734 | Lair:4   | Reached skill level 5 in Dodging
 27154 | Lair:4   | Found a staircase to the Swamp.
 27299 | Lair:5   | Found a snail-covered altar of Cheibriados.
 27969 | Lair:5   | Reached skill level 5 in Shields
 28457 | Lair:6   | Entered Level 6 of the Lair of Beasts
 29200 | Lair:6   | Noticed Vetuhose's ghost (journeyman MiFi)
 29201 | Lair:6   | Found a runed translucent door.
 29402 | Lair:6   | Found a staircase to the Slime Pits.
 30236 | Lair:6   | Reached skill level 5 in Armour
 30470 | Lair:6   | Killed Vetuhose's ghost
 30932 | Lair:6   | Reached XP level 16. HP: 112/113 MP: 14/36
 31038 | Lair:6   | Got the Catalogue of Unholy Magic
 31246 | D:13     | Bought a pair of embroidered gloves for 262 gold pieces
 31899 | D:15     | Killed Nessos
 31992 | D:15     | Found a staircase to the Depths.
 33473 | Orc:2    | Found a staircase to the Elven Halls.
 33994 | Orc:2    | Found Xechats's Antique Weapon Emporium.
 33994 | Orc:2    | Found Pojicuybau's Assorted Antiques.
 34332 | Orc:2    | Found Wepiot's Armour Emporium.
 34332 | Orc:2    | Found Lach's Weapon Boutique.
 34448 | Orc:2    | Learned a level 4 spell: Animate Armour
 34792 | Spider:1 | Entered Level 1 of the Spider Nest
 35427 | Spider:1 | Reached skill level 1 in Earth Magic
 35572 | Spider:1 | Noticed Azrael
 35586 | Spider:1 | Killed Azrael
 36829 | Spider:1 | Reached XP level 17. HP: 123/123 MP: 22/37
 37657 | Spider:2 | Identified Roxanne's Compendium of Transmutation
 37657 | Spider:2 | Noticed Roxanne
 37701 | Swamp:1  | Entered Level 1 of the Swamp
 39317 | Swamp:2  | Reached skill level 10 in Dodging
 40216 | Swamp:2  | Found a large runed translucent door.
 40217 | Swamp:2  | Found a large runed translucent door.
 40283 | Swamp:2  | Noticed Votedd's ghost (adept DrIE)
 40564 | Swamp:3  | Slain by a bunyip

Illustrated notes

Levels and vault maps discovered:
D:1:      saegor_arrival_simple_d, layout_basic, serial_shops,
          nicolae_shop_competitors_out_of_business, nicolae_shop_waterfront,
          nicolae_shop_bloodbath_and_beyond, shop, patterned_corridor
D:2:      layout_loops_corners
D:3:      layout_basic, fedhas_ov_isle_minmay, ebering_ecumenical_altar_rust,
          corexii_leaking_fountain, kennysheep_decorative_pillar, uniq_grinder
D:4:      minmay_spotlight, layout_gridville, hangedman_abyss_or_decor_stagger,
          roderic_batcave, uniq_menkaure
D:5:      minmay_chambers_of_threes, layout_layer_cave,
          mainiacjoe_overflow_alcove_4, minmay_temple_entry_large_hall,
          minmay_quadrilaterals
D:6:      layout_layer_cave, columned_hall_lemuel, minmay_misc_feat_iff,
          minmay_manual_monstrance
D:7:      layout_loops_ring, uniq_pikel, uniq_maggie
D:8:      layout_rooms, nicolae_ossuary_entry_monument, uniq_maurice, uniq_erica
D:9:      layout_stronghold, lemuel_crystal_altar,
          mainiacjoe_overflow_boulevard, serial_shops, shop,
          nicolae_square_shop, uniq_erolcha
D:10:     layout_roguey [special_room_orc], nicolae_ru_sacrificial_ziggurat,
          nicolae_elyvilon_temple_path
D:11:     layout_layer_cave, minmay_lair_entry_grove, david_orc_3, minivault_16
D:12:     layout_roguey, minivault_11
D:13:     layout_irregular_city, serial_shops, nicolae_diamond_shop,
          nicolae_take_the_stairs, nicolae_shop_hallway_plus, shop, shop_coins,
          uniq_sonja
D:14:     layout_cave_pods, ximxim_vaults_locker_room, grunt_dithmenos_shadows,
          minmay_shattered_shrine
D:15:     grunt_enter_depths_snipers, layout_cave_pools,
          portal_ice_cave_entry_ice_statue_two, uniq_nessos
Lair:1:   layout_hall_layers, grunt_forest_large_clearings
Lair:2:   layout_loops_ring, gammafunk_ghost_split, serial_bayou_shore_a,
          grunt_megastairs_3
Lair:3:   layout_regular_city
Lair:4:   layout_loops_ring, nicolae_swamp_entry_splash_gauntlet,
          dummy_spider_entry, st_stairs_11, uniq_josephine
Lair:5:   layout_concentric_octagons, lemuel_oklob_altar, grunt_megastairs_2,
          lemuel_fruit_tree
Lair:6:   evilmike_catoblepas_cave, layout_cave_pods, slime_dummy,
          hellmonk_ghost_happy_afterlife, chequers_serial_rivers_marsh,
          grunt_megastairs_4
Swamp:1:  layout_falls_marsh, evilmike_swamp_ruin_house_5,
          infiniplex_staircase_pool
Swamp:2:  layout_basic_swamp, ebering_ghost_disaster_area,
          evilmike_swamp_ruin_house_3, swamp_pool4, infiniplex_staircase_pool_2
Swamp:3:  layout_basic_swamp, evilmike_swamp_ruin_house_2
Spider:1: spiders_nest_scorpion_pit, drop_trap, nicolae_looking_at_the_future,
          hangedman_spider_tarantella_strand, uniq_azrael
Spider:2: layout_spider_delve, nicolae_spider_moth_buddies, uniq_agnes,
          uniq_roxanne
Orc:1:    layout_caves, uniq_urug
Orc:2:    st_orc_town, layout_caves

Skill      XL: |  1  2  3  4  5  6  7  8  9 10 11 12 13 14 15 16 17 |
---------------+----------------------------------------------------+-----
Summonings     | 5 7 8 10 12 13 14 15 16 | 16.4
Spellcasting   | 3 4 5 6 8 10 11 12 13 15 16 | 16.5
Fighting       | 1 3 6 7 9 10 12 13 14 | 14.0
Hexes          | 1 3 4 5 |  5.4
Long Blades    | 2 5 7 9 10 12 14 | 14.9
Air Magic      | 2 4 5 |  5.1
Shields        | 3 6 8 |  8.6
Dodging        | 4 7 9 10 | 10.3
Armour         | 1 5 7 |  7.3
Earth Magic    | 2 4 |  4.9
Short Blades   | |  0.4
Stealth        | |  1.7
Evocations     | |  0.7

Action                   |  1- 3 |  4- 6 |  7- 9 | 10-12 | 13-15 | 16-18 || total
-------------------------+-------+-------+-------+-------+-------+-------++-------
Melee: Unarmed           |     1 |       |       |       |       |       ||     1
       Dagger            |       |    13 |    14 |     4 |       |       ||    31
       Scimitar          |       |       |       |    44 |   165 |   174 ||   383
 Cast: Summon Small Mamm |    73 |    33 |    86 |    29 |    39 |    19 ||   279
       Call Imp          |    17 |    15 |    41 |    64 |   147 |   105 ||   389
       Call Canine Famil |     1 |    11 |    41 |    66 |   142 |   106 ||   367
       Summon Guardian G |       |       |       |    70 |   145 |   103 ||   318
       Summon Lightning  |       |       |       |    25 |   129 |    94 ||   248
       Animate Armour    |       |       |       |       |       |    55 ||    55
Invok: Ancestor Identity |     1 |       |       |       |       |       ||     1
       Ancestor Life: Ba |       |       |     1 |       |       |       ||     1
       Recall Ancestor   |       |       |       |       |       |     1 ||     1
 Abil: Hop               |     1 |       |     2 |     4 |    10 |     4 ||    21
       Evoke Blink       |       |       |       |       |     2 |       ||     2
  Use: Scroll            |       |       |     4 |    11 |    11 |     1 ||    27
       Potion            |       |       |       |    15 |     4 |     4 ||    23
 Stab: Distracted        |       |       |       |     2 |     4 |     4 ||    10
       Petrified         |       |       |       |       |     1 |       ||     1
Armor: Robe              |    10 |    11 |    19 |    57 |   119 |    37 ||   253
       Troll leather arm |       |       |       |       |       |    59 ||    59
       Skin              |       |       |       |       |       |     6 ||     6
Dodge: Dodged            |    23 |     5 |    31 |    95 |   168 |   196 ||   518
Block: Buckler           |       |       |       |       |    79 |   127 ||   206

Table legend: (Time is in decaauts)
 A = Elapsed time spent in this place.
 B = Non-inter-level travel time spent in this place.
 C = Inter-level travel time spent in this place.
 D = Time resting spent in this place.
 E = Time spent auto-exploring this place.
 F = Levels seen in this place.
 G = Mean time per level.
                   A        B        C        D        E       F      G
               +--------+--------+--------+--------+--------+-----+--------+
         Total |  44229 |  42050 |   2179 |    214 |  33216 |  29 | 1525.1 |
       Dungeon |  24792 |  23516 |   1276 |      0 |  19083 |  15 | 1652.8 |
          Lair |  10549 |   9782 |    767 |      0 |   7692 |   6 | 1758.2 |
         Swamp |   3046 |   2997 |     49 |      0 |   2529 |   3 | 1015.3 |
   Spider Nest |   3019 |   2997 |     22 |      0 |   2311 |   2 | 1509.5 |
  Orcish Mines |   2146 |   2084 |     62 |    214 |   1340 |   2 | 1073.0 |
       Ossuary |    676 |    676 |      0 |      0 |    258 |   1 |  676.0 |
               +--------+--------+--------+--------+--------+-----+--------+

Top non-repeatable levels by time:
Spider:1: 3018 daAuts
  Lair:6: 2779 daAuts
    D:14: 2695 daAuts
     D:5: 2348 daAuts
    D:11: 2294 daAuts
     D:2: 2099 daAuts
     D:1: 1896 daAuts
  Lair:4: 1856 daAuts
     D:4: 1722 daAuts
 Swamp:2: 1620 daAuts
  Lair:5: 1572 daAuts
  Lair:3: 1552 daAuts
     D:6: 1550 daAuts
    D:12: 1532 daAuts
    D:13: 1521 daAuts
